 Dungeon Crawl Stone Soup version 0.31.0-11-ge490571c62 (webtiles) character file.

Game seed: 5523234051454025321

252 qw the Shooter (level 5, -1/26 HPs)
             Began as a Spriggan Hunter on Feb 4, 2024.
             Slain by a kobold
             ... wielding a +0 dagger
              (2 damage)
             ... on level 4 of the Dungeon.
             The game lasted 00:00:09 (2786 turns).

qw the Shooter (Spriggan Hunter)                    Turns: 2786, Time: 00:00:10

Health: -1/26      AC:  2    Str:  7    XL:     5   Next: 89%
Magic:  6/6        EV: 20    Int: 11    God:
Gold:   261        SH:  0    Dex: 20    Spells: 4/4 levels left

rFire   . . .        a - +1 shortbow (heavy)
rCold   . . .        (shield currently unavailable)
rNeg    . . .        c - +0 robe
rPois   .            (helmet restricted)
rElec   .            (no cloak)
rCorr   .            (gloves unavailable)
SInv    +            (boots unavailable)
Will    .....        (no amulet)
Stlth   ++           (no ring)
HPRegen 0.24/turn    (no ring)
MPRegen 0.10/turn

%: no passive effects
@: very quick
A: very small, no large weapons, unfitting armour, see invisible, speed 3
a: no special abilities


You were on level 4 of the Dungeon.
You visited 1 branch of the dungeon, and saw 4 of its levels.

You collected 261 gold pieces.


Innate Abilities, Weirdness & Mutations

You are very small and have problems with some larger weapons.
You are too small for most types of armour.
You have supernaturally acute eyesight. (SInv)
You cover ground extremely quickly. (Speed+++)


   Skills:
 - Level 2.0 Fighting
 - Level 6.1 Ranged Weapons
 + Level 5.2 Dodging
 - Level 1.5 Stealth


You had 4 spell levels left.
You didn't know any spells.
Your spell library was empty.

Inventory:

Hand Weapons
 a - a +1 heavy shortbow (weapon)
Armour
 c - a +0 robe (worn)
Scrolls
 b - a scroll of amnesia {unknown}
Potions
 f - 4 potions of curing

Dungeon Overview and Level Annotations

Branches:
Dungeon (4/15)
 Temple: D:4-7

Altars:
Cheibriados
Nemelex Xobeh


Message History

The orc barely misses you. The kobold misses you. The orc misses you.
The orc hits you from afar with a +0 trident.
The kobold misses you. The ribbon worm completely misses you.
You shoot an arrow. The arrow hits the ribbon worm.
The ribbon worm is lightly wounded.
The orc barely misses you. The orc hits you but does no damage.
The kobold completely misses you. The ribbon worm misses you.
The orc completely misses you. The orc misses you.
The kobold hits you but does no damage.
You shoot an arrow. The arrow hits the ribbon worm!
The ribbon worm is almost dead.
The ribbon worm bites you! The orc completely misses you.
The orc closely misses you. The kobold closely misses you.
You shoot an arrow.
The arrow completely misses the ribbon worm.
The orc closely misses you. The orc misses you.
The kobold hits you with a +0 dagger. The ribbon worm bites you.
The orc misses you. The orc closely misses you.
The kobold hits you with a +0 dagger. The ribbon worm misses you.
You shoot an arrow. The arrow hits the ribbon worm!
You kill the ribbon worm!
The orc misses you. The orc hits you but does no damage. The kobold misses you.
The orc completely misses you. The kobold closely misses you.
The orc misses you.
You shoot an arrow.
The arrow hits the orc but does no damage.
The orc closely misses you.
An orc comes into view. It is wielding a +0 hand axe.
The orc hits you but does no damage. The kobold misses you.
You shoot an arrow. The arrow barely misses the orc.
The orc shouts!
You hear a shout!
The orc barely misses you. x2
An orc comes into view. It is wielding a +0 dagger.
The kobold misses you. The orc completely misses you.
The kobold hits you but does no damage. The orc hits you with a +0 dagger.
You shoot an arrow. The arrow hits the orc!
You kill the orc!
The orc closely misses you.
The kobold hits you with a +0 dagger. x2
You die...

.. #..........# ..#.
##.##.........## ..#.
..............# ...
#...........## #.#
#...........###.#
#.###..........##..###..
......<..%.>...##.<.....
....#...####...........
[ ##@## #.........#..
.....oK))##..........# .
....................##
.....o###._.###......#
...... #...# .........
...... ##o##.#.........
..... .....#.........
..... .##


You could see 3 orcs and a kobold.

Vanquished Creatures
  A scorpion (D:3)
  A jelly (D:4)
  6 adders
  3 ribbon worms
  5 dart slugs
  5 orcs
  3 ball pythons
  9 endoplasms
  3 giant cockroaches
  12 goblins
  11 hobgoblins
  2 jackals (D:3)
  4 quokkas
  5 bats
  5 frilled lizards
  3 kobolds
  4 rats
82 creatures vanquished.

Notes
Turn   | Place    | Note
-------+----------+-------------------------------------------
     0 | D:1      | qw the Spriggan Hunter began the quest for the Orb.
     0 | D:1      | Reached XP level 1. HP: 10/10 MP: 2/2
     0 | D:1      | 0 ||| qw: Version: 0.3-a-160-g6735b56
     0 | D:1      | 0 ||| qw: Game counter: 4734
     0 | D:1      | 0 ||| qw: Melee chars always use a shield: true
     0 | D:1      | 0 ||| qw: God list: Okawaru
     0 | D:1      | 0 ||| qw: Allow faded altars: false
     0 | D:1      | 0 ||| qw: Do Orc after clearing Dungeon:15 true
     0 | D:1      | 0 ||| qw: Do second Lair branch before Depths: true
     0 | D:1      | 0 ||| qw: Lair rune preference: random
     0 | D:1      | 0 ||| qw: Goals: Normal
     0 | D:1      | 0 ||| PLANNING D:1-11
    29 | D:1      | Reached skill level 3 in Dodging
    30 | D:1      | HP: 1/10 [frilled lizard (3)]
   283 | D:1      | Reached XP level 2. HP: 14/14 MP: 3/3
   761 | D:1      | 761 ||| READING scroll labelled BEUTHR POLI.
   762 | D:1      | 762 ||| READING 2 scrolls labelled YDEIRU BAPSIOS.
   762 | D:1      | 762 ||| IDENTIFYING 2 dark potions
   763 | D:1      | 763 ||| READING scroll of identify.
   763 | D:1      | 763 ||| IDENTIFYING scroll labelled XYCSASERYT
   764 | D:1      | 764 ||| READING scroll of brand weapon.
   764 | D:1      | 764 ||| BRANDING +0 shortbow.
   765 | D:1      | 765 ||| READING scroll labelled HAGOIBBA JOVO.
   765 | D:1      | 765 ||| ENCHANTING +0 heavy shortbow.
   766 | D:1      | 766 ||| DROPPING scroll of butterflies.
   856 | D:2      | Reached XP level 3. HP: 18/18 MP: 4/4
  1122 | D:2      | Reached skill level 5 in Ranged Weapons
  1190 | D:2      | Reached XP level 4. HP: 20/22 MP: 5/5
  1683 | D:2      | 1683 ||| READING scroll of identify.
  1683 | D:2      | 1683 ||| IDENTIFYING fuming yellow potion
  1684 | D:2      | 1684 ||| READING scroll labelled LAAJ OMEOVOAFO.
  1685 | D:2      | 1685 ||| READING scroll labelled DARERE TI DUF.
  1690 | D:2      | 1690 ||| DROPPING potion of lignification.
  1786 | D:3      | HP: 5/22 [goblin/+2 dagger of flaming (1)]
  1789 | D:3      | HP: 2/22 [poisoned by an adder]
  2079 | D:3      | Found a sparkling altar of Nemelex Xobeh.
  2227 | D:3      | Found a faded altar of an unknown god.
  2305 | D:3      | Identified the +6 quarterstaff "Soludyox" {holy, Fly}
  2309 | D:3      | Reached XP level 5. HP: 26/26 MP: 6/6
  2540 | D:3      | 2540 ||| READING scroll of identify.
  2540 | D:3      | 2540 ||| IDENTIFYING puce potion
  2689 | D:4      | 2689 ||| STAIRDANCE
  2745 | D:4      | Reached skill level 6 in Ranged Weapons
  2745 | D:4      | Found a snail-covered altar of Cheibriados.
  2777 | D:4      | HP: 6/26 [orc/+0 dagger (3)]
  2778 | D:4      | 2778 ||| DRINKING potion of heal wounds.
  2782 | D:4      | HP: 6/26 [kobold/+0 dagger (1)]
  2786 | D:4      | HP: 1/26 [kobold/+0 dagger (3)]
  2786 | D:4      | Slain by a kobold

Levels and vault maps discovered:
D:1:      ncdulo_wetmaze, layout_loops_ring, serial_forest,
          infiniplex_forest_lined_2, infiniplex_forest_straight_5,
          infiniplex_forest_straight_4, infiniplex_forest_fountain,
          infiniplex_forest_clump_double, infiniplex_forest_clump_diagonal,
          infiniplex_forest_lined_3, infiniplex_forest_clump_tiny,
          infiniplex_forest_corner_2
D:2:      cheibrodos_greedy_goblins, layout_basic
D:3:      layout_basic, mainiacjoe_overflow_paths, serial_co_window_serial,
          co_window_corner_a, co_window_paths_b, co_window_corner_a,
          co_window_paths_a, co_window_corner_a, co_window_of_opportunity_b,
          co_window_of_opportunity_c, co_window_2corner,
          co_window_unsneaky_path_d, glass_columns_b, glass_columns_c,
          shapermc_ecumenical_altar_notcrosses
D:4:      layout_cave_pools, mainiacjoe_overflow_large_starburst

Skill      XL: |  1  2  3  4  5 |
---------------+----------------+-----
Dodging        | 3 4 5 |  5.2
Ranged Weapons | 5 6 |  6.1
Fighting       | 2 |  2.0
Stealth        | |  1.5

Action                     |  1- 3 |  4- 6 || total
---------------------------+-------+-------++-------
   Fire: Shortbow          |    84 |    91 ||   175
    Use: Scroll            |     5 |     4 ||     9
         Potion            |       |     1 ||     1
 Armour: Robe              |    13 |    42 ||    55
  Dodge: Dodged            |    43 |    92 ||   135

Table legend:
 A = Non-vault XP
 B = Vault XP
 C = Vault XP percentage of total XP
 D = Non-vault monster count
 E = Vault monster count
 F = Vault count percentage of total count
                 A         B        C        D         E       F
            +---------+---------+-------+---------+---------+-------
      Total |     345 |      18 |   5.0 |      73 |       9 |  11.0
            +---------+---------+-------+---------+---------+-------
        D:1 |      27 |       0 |   0.0 |      17 |       0 |   0.0
        D:2 |      83 |      18 |  17.8 |      26 |       9 |  25.7
        D:3 |     171 |       0 |   0.0 |      22 |       0 |   0.0
        D:4 |      64 |       0 |   0.0 |       8 |       0 |   0.0
            +---------+---------+-------+---------+---------+-------
